Workbook

Sheet Read me
A1: HOW TO USE THIS DOCUMENT
A2: Welcome to the model used to determine the transit bus levy rate for the 2024 Off-site Levies Bylaw. Note: This model is in DRAFT form for discussion purposes, using the latest information and assumptions available.
A4: Last Updated: | B4: 45126
A6: Transit Bus Levy Tabs 1 - 7
A7: Tab Number | B7: Title | C7: Description
A8: Tab 1 | B8: Assumptions | C8: This tab entails the assumptions and steps to create the financial model. It also provides some details to clarify questions around the assumptions.
A9: Tab 2 | B9: Rate Summary | C9: This tab provides a high level summary of the steps that are taken to determine the transit bus levy rate calculation, and provides a look at the proposed levy rate.
A10: Tab 3 | B10: Unlevied Land | C10: This tab describes the remaining unlevied land that is included in the model.
A11: Tab 4 | B11: Infrastructure | C11: This tab provides details on the determination of the number of additional transit buses needed to support new growth in approved greenfield Area Structure Plans.
A12: Tab 5 | B12: Forecast Data | C12: This tab provides the detailed forecast data used to determine the infrastructure need.
A13: Tab 6 | B13: Benefit Allocation | C13: This tab provides the benefit rate allocation to the forecast population in unlevied lands within approved greenfield Area Structure Plans.
A14: Tab 7 | B14: Financial Model | C14: This tab provides the financial modelling and a detailed calculation of the proposed levy rate.
A15: Tab 8 | B15: Version History | C15: Draft version dated Wednesday, July 19, 2023

Sheet Tab 1 - Assumptions
A1: Transit Buses - Assumptions
A2: Summary | B2: Frequently Asked Questions
A3: The City will use this financial model to calculate a transit bus off-site levy rate per hectare that incorporates investment income, capital cost escalations, and the timing of expenditures and developer contributions through the model period. The levy rate calculated ensures that the off-site levy balance at the end of the model period is zero (i.e., revenues have matched expenditures). It also incorporates, if necessary, any interest costs incurred from the use of alternative funding sources required to deliver infrastructure in a timely manner.
A6: Assumptions
A7: Escalation rate | B7: The escalation factor of 3.58% is a five-year smoothed average, determined using Non-Residential Building Construction Price Index (CPI) for Calgary.
A8: Discount rate | B8: The discount rate of 4.29% is based on the asset mix of the investments held on The City's capital deposits, and the Long-term Capital Market assumptions that The City uses in projecting returns from investment portfolios.
A9: Gross developable land | B9: Gross developable lands are calculated starting with the gross land area and deducting non-developable lands.
A10: Unlevied land | B10: Unlevied land includes all gross developable lands outside the off-site levy Established Area boundary that do not have executed development agreements, as of the end of 2022. This was 14,211.1 hectares at the end of 2022, and is forecast to be 13,921.1 hectares at the end of 2023.
A11: Land absorption | B11: • All remaining unlevied hectares will sign development agreements within the forecast period (ending 2076). • The land absorption from 2023 to 2027 is based on the fall 2022 forecast by Corporate Economics. • Remaining unlevied hectares in current and future Area Structure Plans are assumed to follow a decreasing trend over the forecast period, on the expectation of higher densities supporting the same number of people.
A12: Benefit allocation | B12: Benefit allocation considers the land that will benefit from infrastructure being levied for and relates to the forecast residents in that land.
A13: Payment schedule | B13: This financial model incorporates the current levy payment schedule, where 100% of transit bus levies are paid in year three after the development agreement is signed.
A14: Investment income on future value of cash flows | B14: Investment income is earned on the off-site levy beginning account balance, plus collections and minus spending through the year. Investment income on collections and spending is multiplied by a cashflow timing factor of 0.5 to reflect the fact that the timing of collection and spending varies throughout the year. If the balance of the off-site levy goes negative then interest is charged on the balance of the shortfall.
A15: Expenditures | B15: • Purchases of additional buses will depend on corresponding Council approvals for increased operating budgets to pay for bus drivers, increase maintenance capacity, etc. • For this model it is assumed that purchases will include 20 buses, as and when sufficient funds are available in the off-site levy balance.

Sheet Tab 2 - Rate Summary
A1: Transit Buses - Rate Summary
A2: Proposed 2024 Levy Rate | F2: Figure 1. Off-site levy rate calculation
B4: The levy rate calculation is being adjusted from the simple formula of Costs x Benefit / Land to the model described in Figure 1 to the right, and in the text below. This financial model uses the following inputs: • Total unlevied land, and annual land absorption. • The off-site levy payment schedule. • Total capital costs of infrastructure being levied for, with the benefit allocations to determine total costs being levied for. • Annual expenditures. • An escalation factor to calculate the future value of project costs. • A discount factor to calculate the discounted value of project costs, future revenue from developer contributions, and annual investment income. The levy rate is then calculated using Excel's Goal Seek function to find the levy rate that balances all expenditures and revenues over the course of the model to result in an off-site levy balance of $0.
F21: Step 5 is iterative. | G21: Step 6 and 7 calculate automatically once annual spending is set. | I21: Step 8 must be iterated if any variables are changed. | J21: Steps 9 to 11 calculate automatically once the levy rate has been set.
B22: Step 1 | C22: Step 2 | D22: Step 3 | E22: Step 4 | F22: Step 5 | G22: Step 6 | H22: Step 7 | I22: Step 8 | J22: Step 9 | K22: Step 10 | L22: Step 11
B23: Unlevied land absorption | C23: Total capital costs | D23: Benefit allocation | E23: Leviable capital costs | F23: Annual spending | G23: Future value | H23: Discounted value | I23: Levy rate | J23: Developer contributions | K23: Investment income | L23: Ending balance
B24: Details on unlevied lands can be found in Tab 3. Remaining unlevied lands are assumed to be fully absorbed within the model period, in the slowly decreasing trend shown on Tab 7. | C24: Identify the total capital costs for projects that benefit unlevied lands. Details can be found in Tab 4. | D24: Determine the benefiting areas and benefit allocations that apply to the infrastructure identified in Step 2. Forecast details can be found in Tab 5, with benefit summary information in Tab 6. | E24: Leviable capital cost: • Apply benefit rates to the capital costs of each project to determine the developer share of costs. | F24: Set expenditures for transit buses for each year in the model period. The assumption used is that, when the off-site levy balance has sufficient funds, 20 buses will be purchased the following year. | G24: Calculate the future value of capital costs over the model period. Details for this step can be found in Tab 7. | H24: Calculate the discounted value of the capital costs over the model period. Details for this step can be found in Tab 7. | I24: Use Excel's Goal Seek function to calculate the transit bus off-site levy rate which ensures that developer contributions plus investment income are equal to the future value of capital cost/cash outflows by end of the model period. | J24: The levy rate is multiplied by the hectares that are forecast to sign development agreements each year to calculate the yearly contributions from the developers. | K24: The annual investment income is calculated by multiplying the balance of spending and contributions each year by the investment rate of return. | L24: The annual ending account balance is calculated as the sum of spending, the starting balance, developer contributions, and investment income.
B25: A | C25: B | D25: C | E25: D | F25: E | G25: F | H25: G | I25: H | J25: I | K25: J | L25: K
B26: ='Tab 7 - Financial Model'!E29 -> 9069 | C26: ='Tab 4 - Infrastructure'!G27 -> 164700000 | D26: ='Tab 6 - Benefit Calculation'!B15 -> 1 | E26: ='Tab 7 - Financial Model'!E17 -> 164700000 | F26: See Tab 7, row 17. | G26: ='Tab 7 - Financial Model'!I21 -> 3.6688066e+08 | H26: ='Tab 7 - Financial Model'!I22 -> 1.4256248e+08 | I26: ='Tab 7 - Financial Model'!C3 -> 18595.369 | J26: ='Tab 7 - Financial Model'!I30 -> 3.3364778e+08 | K26: ='Tab 7 - Financial Model'!I36 -> 33232888 | L26: ='Tab 7 - Financial Model'!AS38 -> 0
B27: Hectares | C27: Dollars | E27: Dollars | G27: Dollars | H27: Dollars | I27: Dollars | J27: Dollars | K27: Dollars | L27: Dollars

Sheet Tab 3 - Unlevied Land
A1: Transit Buses - Unlevied Land
A2: This tab provides background on different benefiting areas: the Established Area, unlevied land, and land that has already been levied. | Q2: Figure 2. Off-Site levy Established Area boundary, and unlevied lands as of the end of 2022
A5: Figure 2 to the right illustrates The City's Established Area and Greenfield Area; unlevied lands in current Area Structure Plans (ASPs), and land in future ASPs. The Established Area boundary was identified in the 2016 Off-site Levies Bylaw and contains lands that are fully developed, or have executed development agreement to allow future development. The purpose of the boundary is to determine benefiting areas in support of levy rate calculations (established or greenfield) for different parts of the city. Unlevied lands, shown in green, includes all gross developable lands in approved ASP's outside the off-site levy Established Area boundary that do not have an executed development agreement, as of the end of 2022. The off-site levy rate calculation excludes the forecast land absorption for 2023. Future ASP's are shown in orange. These lands are not currently being considered for the transit bus off-site levy. The formula for infrastructure needs will be reviewed when new ASP's are approved. Land shown in yellow includes both greenfield lands that have already been levied, and non-developable land. Non-developable land is excluded from the determination of the number of hectares that have been levied or are unlevied. This includes, for example: • The Transportation Utility Corridor (TUC), or road right-of-way for provincial expressways. • Environmental Reserve (slopes with a grade greater than 15%, natural water bodies, areas impacted by a 1:100 year flood). • Landfills. • Cemeteries.

Sheet Tab 4 - Infrastructure
A1: Transit Buses - Infrastructure Being Levied For
A2: This tab provides the details on costs that will be eligible for levy funding in the 2024 Off-Site Levies Bylaw. Costs are current to Q2 2023.
A4: Last Updated: | B4: 45124
A6: The infrastructure need (number of transit buses) is based on a citywide population-to-fleet ratio, which measures the total population in Calgary to the number of transit buses in service. This ratio changes year-to-year as the population grows annually, while buses are purchased less frequently. An average has been taken from three years to calculate the ratio of the total population for each transit bus in service. Transit service in the greenfield will include a combination of primary transit service (seven MAX routes and several other Bus Rapid Transit (BRT) routes), and community routes. The additional fleet needed is calculated as the forecast population in approved greenfield Area Structure Plans divided by the citywide population-to-fleet ratio.
B14: Level of Service and Infrastructure Need Calculation
D15: Actuals
C16: Off-Site Levy Calculation | D16: 2016 | E16: 2019 | F16: 2022
B17: # Buses (40' only) | C17: =AVERAGE(D17:F17) -> 739.33333 | D17: 732 | E17: 744 | F17: 742
B18: # People | C18: =AVERAGE(D18:F18) -> 1303238.3 | D18: 1235171 | E18: 1285344 | F18: 1389200
B19: # People per 1 bus | C19: =C18/C17 -> 1762.7209 | D19: =D18/D17 -> 1687.3921 | E19: =E18/E17 -> 1727.6129 | F19: =F18/F17 -> 1872.2372
B20: Forecast population in unlevied ASP lands | C20: ='Tab 5 - Forecast Data'!X6 -> 396219.57
B21: Infrastructure need / # buses | C21: =ROUND(C20/C19,0) -> 225
E23: Lookup | F23: Calc | G23: Calc | H23: Lookup | I23: Calc
A24: Infrastructure Type | B24: Greenfield/ Shared Benefit | C24: Cost per Bus | D24: # of People per 1 Bus | E24: Forecast Population | F24: # of New Greenfield Buses Needed | G24: Total Cost | H24: Benefit | I24: Leviable Cost
A25: Transit Buses | B25: Greenfield | C25: 732000 | D25: =C19 -> 1762.7209 | E25: ='Tab 5 - Forecast Data'!X6 -> 396219.57 | F25: =ROUND(E25/D25,0) -> 225 | G25: =F25*C25 -> 164700000 | H25: ='Tab 6 - Benefit Calculation'!B15 -> 1 | I25: =H25*G25 -> 164700000
C27: Total | G27: =SUM(G24:G25) -> 164700000 | I27: =SUM(I24:I25) -> 164700000

Sheet Tab 5 - Forecast Data
A1: Transportation - Detailed Forecast Data
A2: This tab provides the detailed forecast data used to calculate benefit allocations. Please note that the total unlevied hectares in this table reflects the total as of the end of 2022; 14,211 hectares. In Tab 7, the denominator of 13,921 hectares reflects a further subtraction of 290 hectares per the Corporate Economics forecast for 2023.
A6: Detailed Forecast Data | F6: 37 | G6: Totals | H6: =SUM(H9:H1409) -> 13146.751 | I6: =SUM(I9:I1409) -> 14211.103 | M6: =SUM(M9:M1409) -> 2318515.9 | N6: =SUM(N9:N1409) -> 1068287.7 | O6: =SUM(O9:O1409) -> 531212.39 | P6: =SUM(P9:P1409) -> 719015.75 | Q6: =SUM(Q9:Q1409) -> 1410380.2 | R6: =SUM(R9:R1409) -> 1093651.9 | S6: =SUM(S9:S1409) -> 238427.78 | T6: =SUM(T9:T1409) -> 78300.518 | ... Y6: =SUM(Y9:Y1409) -> 77254.127
A8: Transportation Zone | B8: Municipality | C8: MDP Zone | D8: Community Name | E8: OSL Location | F8: Approved Growth | G8: Total Developable Ha (levied and unlevied) | H8: Levied Ha | I8: Unlevied Ha | J8: % Levied | K8: % Unlevied | L8: % Approved ASPs | M8: 2076 Total Population | N8: Population: Established | O8: Population: Levied | P8: Population: Unlevied | Q8: 2076 Total Jobs | R8: Jobs: Established | S8: Jobs: Levied | T8: Jobs: Unlevied | U8: Population + Jobs: Established | V8: Population + Jobs: Levied | W8: Population + Jobs: Unlevied | X8: Population: Unlevied Current ASPs | Y8: Jobs: Unlevied Current ASPs
A9: 101 | B9: Calgary | C9: Developed | D9: DOWNTOWN WEST END | E9: Established | F9: EA | G9: 15.298277 | H9: 0 | I9: 0 | J9: =IF(H9>0,H9/G9,0) -> 0 | K9: =IF(E9="Greenfield",1-J9,0) -> 0 | L9: =IF(F9="Current ASP",IF(ISERROR(VLOOKUP(A9,#REF!,3,FALSE)),1,1-VLOOKUP(A9,#REF!,3,FALSE)),0) -> 0 | M9: 0 | N9: =IF($E9="Established",$M9,0) -> 0 | O9: =IF($E9="Greenfield",$M9*J9,0) -> 0 | P9: =IF($E9="Greenfield",$M9*K9,0) -> 0 | Q9: 688.59864 | R9: =IF($E9="Established",$Q9,0) -> 688.59864 | S9: =IF($E9="Greenfield",$Q9*J9,0) -> 0 | T9: =IF($E9="Greenfield",$Q9*K9,0) -> 0 | U9: =N9+R9 -> 688.59864 | V9: =O9+S9 -> 0 | W9: =P9+T9 -> 0 | X9: =L9*M9*K9 -> 0 | Y9: =Q9*L9*K9 -> 0
A10: 102 | B10: Calgary | C10: Developed | D10: DOWNTOWN WEST END | E10: Established | F10: EA | G10: 19.529434 | H10: 0 | I10: 0 | J10: =IF(H10>0,H10/G10,0) -> 0 | K10: =IF(E10="Greenfield",1-J10,0) -> 0 | L10: =IF(F10="Current ASP",IF(ISERROR(VLOOKUP(A10,#REF!,3,FALSE)),1,1-VLOOKUP(A10,#REF!,3,FALSE)),0) -> 0 | M10: 3116.9105 | N10: =IF($E10="Established",$M10,0) -> 3116.9105 | O10: =IF($E10="Greenfield",$M10*J10,0) -> 0 | P10: =IF($E10="Greenfield",$M10*K10,0) -> 0 | Q10: 3005.9121 | R10: =IF($E10="Established",$Q10,0) -> 3005.9121 | S10: =IF($E10="Greenfield",$Q10*J10,0) -> 0 | T10: =IF($E10="Greenfield",$Q10*K10,0) -> 0 | U10: =N10+R10 -> 6122.8227 | V10: =O10+S10 -> 0 | W10: =P10+T10 -> 0 | X10: =L10*M10*K10 -> 0 | Y10: =Q10*L10*K10 -> 0
A11: 103 | B11: Calgary | C11: Developed | D11: DOWNTOWN COMMERCIAL CORE | E11: Established | F11: EA | G11: 6.0115446 | H11: 0 | I11: 0 | J11: =IF(H11>0,H11/G11,0) -> 0 | K11: =IF(E11="Greenfield",1-J11,0) -> 0 | L11: =IF(F11="Current ASP",IF(ISERROR(VLOOKUP(A11,#REF!,3,FALSE)),1,1-VLOOKUP(A11,#REF!,3,FALSE)),0) -> 0 | M11: 1230.5425 | N11: =IF($E11="Established",$M11,0) -> 1230.5425 | O11: =IF($E11="Greenfield",$M11*J11,0) -> 0 | P11: =IF($E11="Greenfield",$M11*K11,0) -> 0 | Q11: 1832.7 | R11: =IF($E11="Established",$Q11,0) -> 1832.7 | S11: =IF($E11="Greenfield",$Q11*J11,0) -> 0 | T11: =IF($E11="Greenfield",$Q11*K11,0) -> 0 | U11: =N11+R11 -> 3063.2425 | V11: =O11+S11 -> 0 | W11: =P11+T11 -> 0 | X11: =L11*M11*K11 -> 0 | Y11: =Q11*L11*K11 -> 0
A12: 104 | B12: Calgary | C12: Developed | D12: DOWNTOWN COMMERCIAL CORE | E12: Established | F12: EA | G12: 7.4294395 | H12: 0 | I12: 0 | J12: =IF(H12>0,H12/G12,0) -> 0 | K12: =IF(E12="Greenfield",1-J12,0) -> 0 | L12: =IF(F12="Current ASP",IF(ISERROR(VLOOKUP(A12,#REF!,3,FALSE)),1,1-VLOOKUP(A12,#REF!,3,FALSE)),0) -> 0 | M12: 2335.6463 | N12: =IF($E12="Established",$M12,0) -> 2335.6463 | O12: =IF($E12="Greenfield",$M12*J12,0) -> 0 | P12: =IF($E12="Greenfield",$M12*K12,0) -> 0 | Q12: 6211.8695 | R12: =IF($E12="Established",$Q12,0) -> 6211.8695 | S12: =IF($E12="Greenfield",$Q12*J12,0) -> 0 | T12: =IF($E12="Greenfield",$Q12*K12,0) -> 0 | U12: =N12+R12 -> 8547.5158 | V12: =O12+S12 -> 0 | W12: =P12+T12 -> 0 | X12: =L12*M12*K12 -> 0 | Y12: =Q12*L12*K12 -> 0
A13: 105 | B13: Calgary | C13: Developed | D13: DOWNTOWN COMMERCIAL CORE | E13: Established | F13: EA | G13: 11.018734 | H13: 0 | I13: 0 | J13: =IF(H13>0,H13/G13,0) -> 0 | K13: =IF(E13="Greenfield",1-J13,0) -> 0 | L13: =IF(F13="Current ASP",IF(ISERROR(VLOOKUP(A13,#REF!,3,FALSE)),1,1-VLOOKUP(A13,#REF!,3,FALSE)),0) -> 0 | M13: 2766.9063 | N13: =IF($E13="Established",$M13,0) -> 2766.9063 | O13: =IF($E13="Greenfield",$M13*J13,0) -> 0 | P13: =IF($E13="Greenfield",$M13*K13,0) -> 0 | Q13: 4202.8422 | R13: =IF($E13="Established",$Q13,0) -> 4202.8422 | S13: =IF($E13="Greenfield",$Q13*J13,0) -> 0 | T13: =IF($E13="Greenfield",$Q13*K13,0) -> 0 | U13: =N13+R13 -> 6969.7485 | V13: =O13+S13 -> 0 | W13: =P13+T13 -> 0 | X13: =L13*M13*K13 -> 0 | Y13: =Q13*L13*K13 -> 0
A14: 106 | B14: Calgary | C14: Developed | D14: EAU CLAIRE | E14: Established | F14: EA | G14: 3.6811381 | H14: 0 | I14: 0 | J14: =IF(H14>0,H14/G14,0) -> 0 | K14: =IF(E14="Greenfield",1-J14,0) -> 0 | L14: =IF(F14="Current ASP",IF(ISERROR(VLOOKUP(A14,#REF!,3,FALSE)),1,1-VLOOKUP(A14,#REF!,3,FALSE)),0) -> 0 | M14: 0 | N14: =IF($E14="Established",$M14,0) -> 0 | O14: =IF($E14="Greenfield",$M14*J14,0) -> 0 | P14: =IF($E14="Greenfield",$M14*K14,0) -> 0 | Q14: 1.9012725 | R14: =IF($E14="Established",$Q14,0) -> 1.9012725 | S14: =IF($E14="Greenfield",$Q14*J14,0) -> 0 | T14: =IF($E14="Greenfield",$Q14*K14,0) -> 0 | U14: =N14+R14 -> 1.9012725 | V14: =O14+S14 -> 0 | W14: =P14+T14 -> 0 | X14: =L14*M14*K14 -> 0 | Y14: =Q14*L14*K14 -> 0
A15: 107 | B15: Calgary | C15: Developed | D15: DOWNTOWN COMMERCIAL CORE | E15: Established | F15: EA | G15: 4.9236037 | H15: 0 | I15: 0 | J15: =IF(H15>0,H15/G15,0) -> 0 | K15: =IF(E15="Greenfield",1-J15,0) -> 0 | L15: =IF(F15="Current ASP",IF(ISERROR(VLOOKUP(A15,#REF!,3,FALSE)),1,1-VLOOKUP(A15,#REF!,3,FALSE)),0) -> 0 | M15: 1086.0384 | N15: =IF($E15="Established",$M15,0) -> 1086.0384 | O15: =IF($E15="Greenfield",$M15*J15,0) -> 0 | P15: =IF($E15="Greenfield",$M15*K15,0) -> 0 | Q15: 2747.929 | R15: =IF($E15="Established",$Q15,0) -> 2747.929 | S15: =IF($E15="Greenfield",$Q15*J15,0) -> 0 | T15: =IF($E15="Greenfield",$Q15*K15,0) -> 0 | U15: =N15+R15 -> 3833.9674 | V15: =O15+S15 -> 0 | W15: =P15+T15 -> 0 | X15: =L15*M15*K15 -> 0 | Y15: =Q15*L15*K15 -> 0
A16: 108 | B16: Calgary | C16: Developed | D16: DOWNTOWN COMMERCIAL CORE | E16: Established | F16: EA | G16: 7.244439 | H16: 0 | I16: 0 | J16: =IF(H16>0,H16/G16,0) -> 0 | K16: =IF(E16="Greenfield",1-J16,0) -> 0 | L16: =IF(F16="Current ASP",IF(ISERROR(VLOOKUP(A16,#REF!,3,FALSE)),1,1-VLOOKUP(A16,#REF!,3,FALSE)),0) -> 0 | M16: 777.51306 | N16: =IF($E16="Established",$M16,0) -> 777.51306 | O16: =IF($E16="Greenfield",$M16*J16,0) -> 0 | P16: =IF($E16="Greenfield",$M16*K16,0) -> 0 | Q16: 10701.304 | R16: =IF($E16="Established",$Q16,0) -> 10701.304 | S16: =IF($E16="Greenfield",$Q16*J16,0) -> 0 | T16: =IF($E16="Greenfield",$Q16*K16,0) -> 0 | U16: =N16+R16 -> 11478.817 | V16: =O16+S16 -> 0 | W16: =P16+T16 -> 0 | X16: =L16*M16*K16 -> 0 | Y16: =Q16*L16*K16 -> 0
A17: 109 | B17: Calgary | C17: Developed | D17: DOWNTOWN COMMERCIAL CORE | E17: Established | F17: EA | G17: 7.37415 | H17: 0 | I17: 0 | J17: =IF(H17>0,H17/G17,0) -> 0 | K17: =IF(E17="Greenfield",1-J17,0) -> 0 | L17: =IF(F17="Current ASP",IF(ISERROR(VLOOKUP(A17,#REF!,3,FALSE)),1,1-VLOOKUP(A17,#REF!,3,FALSE)),0) -> 0 | M17: 339.75962 | N17: =IF($E17="Established",$M17,0) -> 339.75962 | O17: =IF($E17="Greenfield",$M17*J17,0) -> 0 | P17: =IF($E17="Greenfield",$M17*K17,0) -> 0 | Q17: 7546.9931 | R17: =IF($E17="Established",$Q17,0) -> 7546.9931 | S17: =IF($E17="Greenfield",$Q17*J17,0) -> 0 | T17: =IF($E17="Greenfield",$Q17*K17,0) -> 0 | U17: =N17+R17 -> 7886.7527 | V17: =O17+S17 -> 0 | W17: =P17+T17 -> 0 | X17: =L17*M17*K17 -> 0 | Y17: =Q17*L17*K17 -> 0
A18: 110 | B18: Calgary | C18: Developed | D18: DOWNTOWN COMMERCIAL CORE | E18: Established | F18: EA | G18: 6.0772721 | H18: 0 | I18: 0 | J18: =IF(H18>0,H18/G18,0) -> 0 | K18: =IF(E18="Greenfield",1-J18,0) -> 0 | L18: =IF(F18="Current ASP",IF(ISERROR(VLOOKUP(A18,#REF!,3,FALSE)),1,1-VLOOKUP(A18,#REF!,3,FALSE)),0) -> 0 | M18: 0 | N18: =IF($E18="Established",$M18,0) -> 0 | O18: =IF($E18="Greenfield",$M18*J18,0) -> 0 | P18: =IF($E18="Greenfield",$M18*K18,0) -> 0 | Q18: 5400.3814 | R18: =IF($E18="Established",$Q18,0) -> 5400.3814 | S18: =IF($E18="Greenfield",$Q18*J18,0) -> 0 | T18: =IF($E18="Greenfield",$Q18*K18,0) -> 0 | U18: =N18+R18 -> 5400.3814 | V18: =O18+S18 -> 0 | W18: =P18+T18 -> 0 | X18: =L18*M18*K18 -> 0 | Y18: =Q18*L18*K18 -> 0
A19: 111 | B19: Calgary | C19: Developed | D19: DOWNTOWN COMMERCIAL CORE | E19: Established | F19: EA | G19: 2.9698587 | H19: 0 | I19: 0 | J19: =IF(H19>0,H19/G19,0) -> 0 | K19: =IF(E19="Greenfield",1-J19,0) -> 0 | L19: =IF(F19="Current ASP",IF(ISERROR(VLOOKUP(A19,#REF!,3,FALSE)),1,1-VLOOKUP(A19,#REF!,3,FALSE)),0) -> 0 | M19: 0 | N19: =IF($E19="Established",$M19,0) -> 0 | O19: =IF($E19="Greenfield",$M19*J19,0) -> 0 | P19: =IF($E19="Greenfield",$M19*K19,0) -> 0 | Q19: 1160.254 | R19: =IF($E19="Established",$Q19,0) -> 1160.254 | S19: =IF($E19="Greenfield",$Q19*J19,0) -> 0 | T19: =IF($E19="Greenfield",$Q19*K19,0) -> 0 | U19: =N19+R19 -> 1160.254 | V19: =O19+S19 -> 0 | W19: =P19+T19 -> 0 | X19: =L19*M19*K19 -> 0 | Y19: =Q19*L19*K19 -> 0
A20: 112 | B20: Calgary | C20: Developed | D20: DOWNTOWN COMMERCIAL CORE | E20: Established | F20: EA | G20: 3.4752495 | H20: 0 | I20: 0 | J20: =IF(H20>0,H20/G20,0) -> 0 | K20: =IF(E20="Greenfield",1-J20,0) -> 0 | L20: =IF(F20="Current ASP",IF(ISERROR(VLOOKUP(A20,#REF!,3,FALSE)),1,1-VLOOKUP(A20,#REF!,3,FALSE)),0) -> 0 | M20: 0 | N20: =IF($E20="Established",$M20,0) -> 0 | O20: =IF($E20="Greenfield",$M20*J20,0) -> 0 | P20: =IF($E20="Greenfield",$M20*K20,0) -> 0 | Q20: 2144.9861 | R20: =IF($E20="Established",$Q20,0) -> 2144.9861 | S20: =IF($E20="Greenfield",$Q20*J20,0) -> 0 | T20: =IF($E20="Greenfield",$Q20*K20,0) -> 0 | U20: =N20+R20 -> 2144.9861 | V20: =O20+S20 -> 0 | W20: =P20+T20 -> 0 | X20: =L20*M20*K20 -> 0 | Y20: =Q20*L20*K20 -> 0
... A1409: 4241 | B1409: Calgary | C1409: Developing | D1409: COUNTRY HILLS VILLAGE | E1409: Greenfield | F1409: Current ASP | G1409: 3.0907125 | H1409: 3.0907125 | I1409: 0 | J1409: =IF(H1409>0,H1409/G1409,0) -> 1 | K1409: =IF(E1409="Greenfield",1-J1409,0) -> 0 | L1409: =IF(F1409="Current ASP",IF(ISERROR(VLOOKUP(A1409,#REF!,3,FALSE)),1,1-VLOOKUP(A1409,#REF!,3,FALSE)),0) -> 1 | M1409: 4801.3786 | N1409: =IF($E1409="Established",$M1409,0) -> 0 | O1409: =IF($E1409="Greenfield",$M1409*J1409,0) -> 4801.3786 | P1409: =IF($E1409="Greenfield",$M1409*K1409,0) -> 0 | Q1409: 0 | R1409: =IF($E1409="Established",$Q1409,0) -> 0 | S1409: =IF($E1409="Greenfield",$Q1409*J1409,0) -> 0 | T1409: =IF($E1409="Greenfield",$Q1409*K1409,0) -> 0 | U1409: =N1409+R1409 -> 0 | V1409: =O1409+S1409 -> 4801.3786 | W1409: =P1409+T1409 -> 0 | X1409: =L1409*M1409*K1409 -> 0 | Y1409: =Q1409*L1409*K1409 -> 0

Sheet Tab 6 - Benefit Calculation
A1: Transportation - Benefit Allocation
A2: This tab provides details on the benefit methodology. It shows the basis of the calculation and assumptions used in assessing benefit allocation. Detailed data supporting the calculation is shown on Tab 5.
A6: Per Tab 4, the infrastructure need (number of transit buses) is based on applying the population-to-fleet ratio to the forecast population of unlevied lands in approved greenfield Area Structure Plans. Benefit allocation considers that these additional buses are needed to provide transit service to these residents while maintaining citywide levels of service. 100% of the benefit of this expanded fleet is allocated to unlevied growth.
A13: Summary Data
A14: Benefit Rates for unlevied lands as at January 1, 2024:
A15: Greenfield | B15: 1

Sheet Tab 7 - Financial Model
A1: Transit Bus OSL Financial Rate Model
A2: Last Updated: July 19, 2023 | J2: 0 | K2: 1 | L2: 2 | M2: 3 | N2: 4 | O2: 5 | P2: 6 | Q2: 7 | R2: 8 | S2: 9 | T2: 10 | U2: 11 | V2: 12 | W2: 13 | X2: 14 | Y2: 15 | Z2: 16 | AA2: 17 | AB2: 18 | AC2: 19 | AD2: 20 | AE2: 21 | AF2: 22 | AG2: 23 | AH2: 24 | AI2: 25 | AJ2: 26 | AK2: 27 | AL2: 28 | AM2: 29 | AN2: 30 | AO2: 31 | AP2: 32 | AQ2: 33 | AR2: 34 | AS2: 35
A3: Transit Bus Levy Rate | C3: 18595.369 | D3: Run Macro <CTRL> + g | H3: End Value (CELL BS25): | I3: =AS38 -> 0 | J3: 2023 | K3: 2024 | L3: 2025 | M3: 2026 | N3: 2027 | O3: 2028 | P3: 2029 | Q3: 2030 | R3: 2031 | S3: 2032 | T3: 2033 | U3: 2034 | V3: 2035 | W3: 2036 | X3: 2037 | Y3: 2038 | Z3: 2039 | AA3: 2040 | AB3: 2041 | AC3: 2042 | AD3: 2043 | AE3: 2044 | AF3: 2045 | AG3: 2046 | AH3: 2047 | AI3: 2048 | AJ3: 2049 | AK3: 2050 | AL3: 2051 | AM3: 2052 | AN3: 2053 | AO3: 2054 | AP3: 2055 | AQ3: 2056 | AR3: 2057 | AS3: 2058
B4: How to calculate the levy rate: Once all variables have been set, the levy rate can be recalculated by entering <CTRL> + g. This runs Excel's Goal Seek function (Data --> What-If Analysis --> Goal Seek) to calculate the levy rate in cell C3. The model applies the value in cell C3 to the land absorption in row 25, to ensure that contributions from development agreements (in row 30) plus earned investment income offset total spending and ensure that the ending balance is zero (cell AS38), i.e., all revenues and spending have balanced. Variables impacting this calculation include: annual expenditures, land absorption rate (row 25), payment schedule (cells I32 to I35), and the escalation and discount rates (cells E21 and E22).
A10: Section 1: Expenditures
B11: Section 1 below shows periodic expenditures. The assumptions driving expenditures are that 20 buses will be purchased whenever the transit levy fund has sufficient balance, and any remaining buses will be purchased in the final year to ensure that 225 are purchased over the model period.
A15: # | B15: Project name | C15: Cost per bus | D15: # Greenfield buses | E15: Leviable cost | F15: Buses per purchase | G15: # Purchases before final year | H15: # Buses purchased before final year | I15: Additional buses to purchase at end of period
C16: Lookup | D16: Lookup | E16: Calc | F16: Assumption | G16: Calc | H16: Calc | I16: Calc
A17: 1 | B17: Transit buses | C17: =VLOOKUP(B17,'Tab 4 - Infrastructure'!A25:C25,3,FALSE) -> 732000 | D17: 225 | E17: =D17*C17 -> 164700000 | F17: 20 | G17: =COUNTIF(K17:AR17,">0") -> 10 | H17: =G17*F17 -> 200 | I17: =D17-H17 -> 25 | K17: =IF(J38>($F17*$C17)*(1+$E$21)^K$2,($F17*$C17)*(1+$E$21)^K$2,0) -> 0 | L17: =IF(K38>($F17*$C17)*(1+$E$21)^L$2,($F17*$C17)*(1+$E$21)^L$2,0) -> 0 | M17: =IF(L38>($F17*$C17)*(1+$E$21)^M$2,($F17*$C17)*(1+$E$21)^M$2,0) -> 0 | N17: =IF(M38>($F17*$C17)*(1+$E$21)^N$2,($F17*$C17)*(1+$E$21)^N$2,0) -> 0 | O17: =IF(N38>($F17*$C17)*(1+$E$21)^O$2,($F17*$C17)*(1+$E$21)^O$2,0) -> 0 | P17: =IF(O38>($F17*$C17)*(1+$E$21)^P$2,($F17*$C17)*(1+$E$21)^P$2,0) -> 0 | Q17: =IF(P38>($F17*$C17)*(1+$E$21)^Q$2,($F17*$C17)*(1+$E$21)^Q$2,0) -> 18727182 | R17: =IF(Q38>($F17*$C17)*(1+$E$21)^R$2,($F17*$C17)*(1+$E$21)^R$2,0) -> 0 | ... AR17: =IF(AQ38>($F17*$C17)*(1+$E$21)^AR$2,($F17*$C17)*(1+$E$21)^AR$2,0) -> 0 | AS17: =($I17*$C17)*(1+$E$21)^AS$2 -> 62676946
B20: Rates used to calculate future value and present value of leviable cost:
B21: Table: Escalation and Discount rates. Source: City Treasury, March 2023 | D21: Escalation rate | E21: 0.0358 | H21: Future value of unlevied cost | I21: =SUM(L21:AS21) -> 3.6688066e+08 | J21: =SUM(J17:J18) -> 0 | K21: =SUM(K17:K18) -> 0 | L21: =SUM(L17:L18) -> 0 | M21: =SUM(M17:M18) -> 0 | N21: =SUM(N17:N18) -> 0 | O21: =SUM(O17:O18) -> 0 | P21: =SUM(P17:P18) -> 0 | Q21: =SUM(Q17:Q18) -> 18727182 | ... AS21: =SUM(AS17:AS18) -> 62676946
D22: Discount rate | E22: 0.0429 | H22: Discounted value of unlevied cost | I22: =SUM(L22:AS22) -> 1.4256248e+08 | J22: =(SUM(J17:J18))/((1+$E$22)^J2) -> 0 | K22: =(SUM(K17:K18))/((1+$E$22)^K2) -> 0 | L22: =(SUM(L17:L18))/((1+$E$22)^L2) -> 0 | M22: =(SUM(M17:M18))/((1+$E$22)^M2) -> 0 | N22: =(SUM(N17:N18))/((1+$E$22)^N2) -> 0 | O22: =(SUM(O17:O18))/((1+$E$22)^O2) -> 0 | P22: =(SUM(P17:P18))/((1+$E$22)^P2) -> 0 | Q22: =(SUM(Q17:Q18))/((1+$E$22)^Q2) -> 13956411 | ... AS22: =(SUM(AS17:AS18))/((1+$E$22)^AS2) -> 14408357
A24: Section 2: Land absorption and yearly cash flows | AT24: Check (should be 0):
I25: Hectares that sign development agreements (DAs) | J25: 290 | K25: 309 | L25: 327 | M25: 321 | N25: 321 | O25: 318.4809 | P25: 315.9618 | Q25: 313.44269 | R25: 310.92359 | S25: 308.40449 | T25: 305.88539 | U25: 303.36629 | V25: 300.84718 | W25: 298.32808 | X25: 295.80898 | Y25: 293.28988 | Z25: 290.77078 | AA25: 288.25167 | AB25: 285.73257 | AC25: 283.21347 | AD25: 280.69437 | AE25: 278.17527 | AF25: 275.65616 | AG25: 273.13706 | AH25: 270.61796 | AI25: 268.09886 | AJ25: 265.57976 | AK25: 263.06065 | AL25: =260.541551020408-34.8 -> 225.74155 | AM25: =258.022448979592-34.8 -> 223.22245 | AN25: =255.503346938775-34.8 -> 220.70335 | AO25: =252.984244897959-34.8 -> 218.18424 | AP25: =250.465142857143-34.8 -> 215.66514 | AT25: =E29-SUM(K25:AS25) -> -0.24457143
D26: Year | E26: Unlevied hectares | I26: Cumulative hectares | K26: =SUM($K25:K25) -> 309 | L26: =SUM($K25:L25) -> 636 | M26: =SUM($K25:M25) -> 957 | N26: =SUM($K25:N25) -> 1278 | O26: =SUM($K25:O25) -> 1596.4809 | P26: =SUM($K25:P25) -> 1912.4427 | Q26: =SUM($K25:Q25) -> 2225.8854 | R26: =SUM($K25:R25) -> 2536.809 | ... AS26: =SUM($K25:AS25) -> 9069.2446
B27: Unlevied hectares at Jan 1, 2023 | D27: Subtotal | E27: 9359
B28: Forecast hectares in executed development agreements | D28: 2023 | E28: 290
B29: Denominator: Unlevied hectares at Jan 1, 2024 | D29: Subtotal | E29: 9069 | G29: Yearly cash-flow analysis:
B30: Hectares in executed development agreements from 2023 to 2027 are per Corporate Economics Fall 2022 forecast. The remaining 12,643.1 hectares of unlevied land are assumed to be absorbed in a slowly decreasing trend, with approximately 2.54 hectares fewer per year. This starts from 318.5 hectares in 2028 and finishes with 197.6 hectares in 2076. | D30: 2024 | E30: 309 | H30: Contributions from signed DA's | I30: =SUM(K30:AS30) -> 3.3364778e+08 | K30: =(($C$3*K25)*(1+$E$22)^J2) -> 5745969.1 | L30: =(($C$3*L25)*(1+$E$22)^K2) -> 6341547.2 | M30: =(($C$3*M25)*(1+$E$22)^L2) -> 6492249.1 | N30: =(($C$3*N25)*(1+$E$22)^M2) -> 6770766.6 | O30: =(($C$3*O25)*(1+$E$22)^N2) -> 7005818.2 | P30: =(($C$3*P25)*(1+$E$22)^O2) -> 7248576.3 | Q30: =(($C$3*Q25)*(1+$E$22)^P2) -> 7499269.5 | R30: =(($C$3*R25)*(1+$E$22)^Q2) -> 7758131.8 | ... AS30: =(($C$3*AS25)*(1+$E$22)^AR2) -> 0
D31: 2025 | E31: 327 | H31: Beginning account balance | K31: =J38 -> 0 | L31: =K38 -> 0 | M31: =L38 -> 0 | N31: =M38 -> 0 | O31: =N38 -> 5869220.1 | P31: =O38 -> 12598583 | Q31: =P38 -> 19770570 | R31: =Q38 -> 8405847.3 | ... AS31: =AR38 -> 46944014
D32: 2026 | E32: 321 | G32: Levy payment schedule after a DA is signed. | H32: Year 0 | I32: 0 | K32: =K30*$I$32 -> 0 | L32: =L30*$I$32 -> 0 | M32: =M30*$I$32 -> 0 | N32: =N30*$I$32 -> 0 | O32: =O30*$I$32 -> 0 | P32: =P30*$I$32 -> 0 | Q32: =Q30*$I$32 -> 0 | R32: =R30*$I$32 -> 0 | ... AS32: =AS30*$I$32 -> 0
D33: 2027 | E33: 321 | H33: Year 1 | I33: 0 | L33: =K30*$I$33 -> 0 | M33: =L30*$I$33 -> 0 | N33: =M30*$I$33 -> 0 | O33: =N30*$I$33 -> 0 | P33: =O30*$I$33 -> 0 | Q33: =P30*$I$33 -> 0 | R33: =Q30*$I$33 -> 0 | S33: =R30*$I$33 -> 0 | ... AS33: =AR30*$I$33 -> 0
D34: 2028 | E34: 318.4809 | H34: Year 2 | I34: 0 | M34: =K30*$I$34 -> 0 | N34: =L30*$I$34 -> 0 | O34: =M30*$I$34 -> 0 | P34: =N30*$I$34 -> 0 | Q34: =O30*$I$34 -> 0 | R34: =P30*$I$34 -> 0 | S34: =Q30*$I$34 -> 0 | T34: =R30*$I$34 -> 0 | ... AS34: =AQ30*$I$34 -> 0
D35: 2029 | E35: 315.9618 | H35: Year 3 | I35: 1 | N35: =K30*$I$35 -> 5745969.1 | O35: =L30*$I$35 -> 6341547.2 | P35: =M30*$I$35 -> 6492249.1 | Q35: =N30*$I$35 -> 6770766.6 | R35: =O30*$I$35 -> 7005818.2 | S35: =P30*$I$35 -> 7248576.3 | T35: =Q30*$I$35 -> 7499269.5 | U35: =R30*$I$35 -> 7758131.8 | ... AS35: =AP30*$I$35 -> 14747128
D36: 2030 | E36: 313.44269 | H36: Investment income (interest expense) | I36: =SUM(K36:AS36) -> 33232888 | M36: =(((M31+((M32+M33+M34+M35)*$E$44)))-(M21*0.5))*$E$22 -> 0 | N36: =(((N31+((N32+N33+N34+N35)*$E$44)))-(N21*0.5))*$E$22 -> 123251.04 | O36: =(((O31+((O32+O33+O34+O35)*$E$44)))-(O21*0.5))*$E$22 -> 387815.73 | P36: =(((P31+((P32+P33+P34+P35)*$E$44)))-(P21*0.5))*$E$22 -> 679737.95 | Q36: =(((Q31+((Q32+Q33+Q34+Q35)*$E$44)))-(Q21*0.5))*$E$22 -> 591692.35 | R36: =(((R31+((R32+R33+R34+R35)*$E$44)))-(R21*0.5))*$E$22 -> 510885.65 | S36: =(((S31+((S32+S33+S34+S35)*$E$44)))-(S21*0.5))*$E$22 -> 838559.41 | T36: =(((T31+((T32+T33+T34+T35)*$E$44)))-(T21*0.5))*$E$22 -> 744471.56 | ... AS36: =(((AS31+((AS32+AS33+AS34+AS35)*$E$44)))-(AS21*0.5))*$E$22 -> 985803.61
D37: etc. | E37: etc. | H37: Future value of cash inflows | I37: =SUM(I30:I36) -> 3.6688066e+08
D38: 2058 | E38: 9069 | H38: Ending account balance | M38: =M31+M32+M33+M34+M35+M36-M21 -> 0 | N38: =N31+N32+N33+N34+N35+N36-N21 -> 5869220.1 | O38: =O31+O32+O33+O34+O35+O36-O21 -> 12598583 | P38: =P31+P32+P33+P34+P35+P36-P21 -> 19770570 | Q38: =Q31+Q32+Q33+Q34+Q35+Q36-Q21 -> 8405847.3 | R38: =R31+R32+R33+R34+R35+R36-R21 -> 15922551 | S38: =S31+S32+S33+S34+S35+S36-S21 -> 24009687 | T38: =T31+T32+T33+T34+T35+T36-T21 -> 11442083 | ... AS38: =AS31+AS32+AS33+AS34+AS35+AS36-AS21 -> 0
B41: Note: Cash flow timing is for inflows, 1=beginning of year; 0.5 is straight line; 0.0 is end of year. This is used to calculate investment income on expenditures within a given year.
B44: Cashflow timing factor | E44: 0.5
A46: End of WP

Sheet Tab 3 - Financial Model (2)
A3: Escalation Rate | B3: 0.0353
A4: Discount | B4: 0.0429
B6: Current Cost | C6: Year Projected project built | F6: 1 | G6: 2 | H6: 3 | I6: 4 | J6: 5 | K6: 6 | L6: 7 | M6: 8 | N6: 9 | O6: 10 | P6: 11 | Q6: 12 | R6: 13 | S6: 14 | T6: 15 | U6: 16 | V6: 17 | W6: 18 | X6: 19 | Y6: 20 | Z6: 21 | AA6: 22 | AB6: 23 | AC6: 24 | AD6: 25 | AE6: 26 | AF6: 27 | AG6: 28 | AH6: 29 | AI6: 30 | AJ6: 31 | AK6: 32 | AL6: 33 | AM6: 34 | AN6: 35 | AO6: 36
F7: 2022 | G7: 2023 | H7: 2024 | I7: 2025 | J7: 2026 | K7: 2027 | L7: 2028 | M7: 2029 | N7: 2030 | O7: 2031 | P7: 2032 | Q7: 2033 | R7: 2034 | S7: 2035 | T7: 2036 | U7: 2037 | V7: 2038 | W7: 2039 | X7: 2040 | Y7: 2041 | Z7: 2042 | AA7: 2043 | AB7: 2044 | AC7: 2045 | AD7: 2046 | AE7: 2047 | AF7: 2048 | AG7: 2049 | AH7: 2050 | AI7: 2051 | AJ7: 2052 | AK7: 2053 | AL7: 2054 | AM7: 2055 | AN7: 2056 | AO7: 2057
A8: 1 | B8: 18000000 | C8: 4 | F8: =IF($C8=F$6,$B8,0)*(1+$B$3)^F$6 -> 0 | G8: =IF($C8=G$6,$B8,0)*(1+$B$3)^G$6 -> 0 | H8: =IF($C8=H$6,$B8,0)*(1+$B$3)^H$6 -> 0 | I8: =IF($C8=I$6,$B8,0)*(1+$B$3)^H$6 -> 19974281 | J8: =IF($C8=J$6,$B8,0)*(1+$B$3)^J$6 -> 0 | K8: =IF($C8=K$6,$B8,0)*(1+$B$3)^K$6 -> 0 | L8: =IF($C8=L$6,$B8,0)*(1+$B$3)^L$6 -> 0 | M8: =IF($C8=M$6,$B8,0)*(1+$B$3)^M$6 -> 0 | N8: =IF($C8=N$6,$B8,0)*(1+$B$3)^N$6 -> 0 | O8: =IF($C8=O$6,$B8,0)*(1+$B$3)^O$6 -> 0 | P8: =IF($C8=P$6,$B8,0)*(1+$B$3)^P$6 -> 0 | Q8: =IF($C8=Q$6,$B8,0)*(1+$B$3)^Q$6 -> 0 | ... AL8: =IF($C8=AL$6,$B8,0)*(1+$B$3)^AL$6 -> 0
A9: 2 | B9: 18000000 | C9: 5 | F9: =IF($C9=F$6,$B9,0)*(1+$B$3)^F$6 -> 0 | G9: =IF($C9=G$6,$B9,0)*(1+$B$3)^G$6 -> 0 | H9: =IF($C9=H$6,$B9,0)*(1+$B$3)^H$6 -> 0 | I9: =IF($C9=I$6,$B9,0)*(1+$B$3)^I$6 -> 0 | J9: =IF($C9=J$6,$B9,0)*(1+$B$3)^I$6 -> 20679373 | K9: =IF($C9=K$6,$B9,0)*(1+$B$3)^K$6 -> 0 | L9: =IF($C9=L$6,$B9,0)*(1+$B$3)^L$6 -> 0 | M9: =IF($C9=M$6,$B9,0)*(1+$B$3)^M$6 -> 0 | N9: =IF($C9=N$6,$B9,0)*(1+$B$3)^N$6 -> 0 | O9: =IF($C9=O$6,$B9,0)*(1+$B$3)^O$6 -> 0 | P9: =IF($C9=P$6,$B9,0)*(1+$B$3)^P$6 -> 0 | Q9: =IF($C9=Q$6,$B9,0)*(1+$B$3)^Q$6 -> 0 | R9: =IF($C9=R$6,$B9,0)*(1+$B$3)^R$6 -> 0 | ... AL9: =IF($C9=AL$6,$B9,0)*(1+$B$3)^AL$6 -> 0
A10: 3 | B10: 18000000 | C10: 6 | F10: =IF($C10=F$6,$B10,0)*(1+$B$3)^F$6 -> 0 | G10: =IF($C10=G$6,$B10,0)*(1+$B$3)^G$6 -> 0 | H10: =IF($C10=H$6,$B10,0)*(1+$B$3)^H$6 -> 0 | I10: =IF($C10=I$6,$B10,0)*(1+$B$3)^I$6 -> 0 | J10: =IF($C10=J$6,$B10,0)*(1+$B$3)^J$6 -> 0 | K10: =IF($C10=K$6,$B10,0)*(1+$B$3)^J$6 -> 21409355 | L10: =IF($C10=L$6,$B10,0)*(1+$B$3)^L$6 -> 0 | M10: =IF($C10=M$6,$B10,0)*(1+$B$3)^M$6 -> 0 | N10: =IF($C10=N$6,$B10,0)*(1+$B$3)^N$6 -> 0 | O10: =IF($C10=O$6,$B10,0)*(1+$B$3)^O$6 -> 0 | P10: =IF($C10=P$6,$B10,0)*(1+$B$3)^P$6 -> 0 | Q10: =IF($C10=Q$6,$B10,0)*(1+$B$3)^Q$6 -> 0 | R10: =IF($C10=R$6,$B10,0)*(1+$B$3)^R$6 -> 0 | S10: =IF($C10=S$6,$B10,0)*(1+$B$3)^S$6 -> 0 | ... AL10: =IF($C10=AL$6,$B10,0)*(1+$B$3)^AL$6 -> 0
A11: 4 | B11: 18000000 | C11: 10 | F11: =IF($C11=F$6,$B11,0)*(1+$B$3)^F$6 -> 0 | G11: =IF($C11=G$6,$B11,0)*(1+$B$3)^G$6 -> 0 | H11: =IF($C11=H$6,$B11,0)*(1+$B$3)^H$6 -> 0 | I11: =IF($C11=I$6,$B11,0)*(1+$B$3)^I$6 -> 0 | J11: =IF($C11=J$6,$B11,0)*(1+$B$3)^J$6 -> 0 | K11: =IF($C11=K$6,$B11,0)*(1+$B$3)^K$6 -> 0 | L11: =IF($C11=L$6,$B11,0)*(1+$B$3)^L$6 -> 0 | M11: =IF($C11=M$6,$B11,0)*(1+$B$3)^M$6 -> 0 | N11: =IF($C11=N$6,$B11,0)*(1+$B$3)^N$6 -> 0 | O11: =IF($C11=O$6,$B11,0)*(1+$B$3)^N$6 -> 24596224 | P11: =IF($C11=P$6,$B11,0)*(1+$B$3)^P$6 -> 0 | Q11: =IF($C11=Q$6,$B11,0)*(1+$B$3)^Q$6 -> 0 | R11: =IF($C11=R$6,$B11,0)*(1+$B$3)^R$6 -> 0 | S11: =IF($C11=S$6,$B11,0)*(1+$B$3)^S$6 -> 0 | T11: =IF($C11=T$6,$B11,0)*(1+$B$3)^T$6 -> 0 | U11: =IF($C11=U$6,$B11,0)*(1+$B$3)^U$6 -> 0 | V11: =IF($C11=V$6,$B11,0)*(1+$B$3)^V$6 -> 0 | W11: =IF($C11=W$6,$B11,0)*(1+$B$3)^W$6 -> 0 | ... AL11: =IF($C11=AL$6,$B11,0)*(1+$B$3)^AL$6 -> 0
A12: 5 | B12: 18000000 | C12: 10 | F12: =IF($C12=F$6,$B12,0)*(1+$B$3)^F$6 -> 0 | G12: =IF($C12=G$6,$B12,0)*(1+$B$3)^G$6 -> 0 | H12: =IF($C12=H$6,$B12,0)*(1+$B$3)^H$6 -> 0 | I12: =IF($C12=I$6,$B12,0)*(1+$B$3)^I$6 -> 0 | J12: =IF($C12=J$6,$B12,0)*(1+$B$3)^J$6 -> 0 | K12: =IF($C12=K$6,$B12,0)*(1+$B$3)^K$6 -> 0 | L12: =IF($C12=L$6,$B12,0)*(1+$B$3)^L$6 -> 0 | M12: =IF($C12=M$6,$B12,0)*(1+$B$3)^M$6 -> 0 | N12: =IF($C12=N$6,$B12,0)*(1+$B$3)^N$6 -> 0 | O12: =IF($C12=O$6,$B12,0)*(1+$B$3)^N$6 -> 24596224 | P12: =IF($C12=P$6,$B12,0)*(1+$B$3)^P$6 -> 0 | Q12: =IF($C12=Q$6,$B12,0)*(1+$B$3)^Q$6 -> 0 | R12: =IF($C12=R$6,$B12,0)*(1+$B$3)^R$6 -> 0 | S12: =IF($C12=S$6,$B12,0)*(1+$B$3)^S$6 -> 0 | T12: =IF($C12=T$6,$B12,0)*(1+$B$3)^T$6 -> 0 | U12: =IF($C12=U$6,$B12,0)*(1+$B$3)^U$6 -> 0 | V12: =IF($C12=V$6,$B12,0)*(1+$B$3)^V$6 -> 0 | W12: =IF($C12=W$6,$B12,0)*(1+$B$3)^W$6 -> 0 | ... AL12: =IF($C12=AL$6,$B12,0)*(1+$B$3)^AL$6 -> 0
A13: 6 | B13: 18000000 | C13: 15 | F13: =IF($C13=F$6,$B13,0)*(1+$B$3)^F$6 -> 0 | G13: =IF($C13=G$6,$B13,0)*(1+$B$3)^G$6 -> 0 | H13: =IF($C13=H$6,$B13,0)*(1+$B$3)^H$6 -> 0 | I13: =IF($C13=I$6,$B13,0)*(1+$B$3)^I$6 -> 0 | J13: =IF($C13=J$6,$B13,0)*(1+$B$3)^J$6 -> 0 | K13: =IF($C13=K$6,$B13,0)*(1+$B$3)^K$6 -> 0 | L13: =IF($C13=L$6,$B13,0)*(1+$B$3)^L$6 -> 0 | M13: =IF($C13=M$6,$B13,0)*(1+$B$3)^M$6 -> 0 | ... S13: =IF($C13=S$6,$B13,0)*(1+$B$3)^S$6 -> 0 | T13: =IF($C13=T$6,$B13,0)*(1+$B$3)^S$6 -> 29254960 | U13: =IF($C13=U$6,$B13,0)*(1+$B$3)^U$6 -> 0 | V13: =IF($C13=V$6,$B13,0)*(1+$B$3)^V$6 -> 0 | W13: =IF($C13=W$6,$B13,0)*(1+$B$3)^W$6 -> 0 | X13: =IF($C13=X$6,$B13,0)*(1+$B$3)^X$6 -> 0 | Y13: =IF($C13=Y$6,$B13,0)*(1+$B$3)^Y$6 -> 0 | Z13: =IF($C13=Z$6,$B13,0)*(1+$B$3)^Z$6 -> 0 | AA13: =IF($C13=AA$6,$B13,0)*(1+$B$3)^AA$6 -> 0 | AB13: =IF($C13=AB$6,$B13,0)*(1+$B$3)^AB$6 -> 0 | ... AL13: =IF($C13=AL$6,$B13,0)*(1+$B$3)^AL$6 -> 0
A14: 7 | B14: 18000000 | C14: 15 | F14: =IF($C14=F$6,$B14,0)*(1+$B$3)^F$6 -> 0 | G14: =IF($C14=G$6,$B14,0)*(1+$B$3)^G$6 -> 0 | H14: =IF($C14=H$6,$B14,0)*(1+$B$3)^H$6 -> 0 | I14: =IF($C14=I$6,$B14,0)*(1+$B$3)^I$6 -> 0 | J14: =IF($C14=J$6,$B14,0)*(1+$B$3)^J$6 -> 0 | K14: =IF($C14=K$6,$B14,0)*(1+$B$3)^K$6 -> 0 | L14: =IF($C14=L$6,$B14,0)*(1+$B$3)^L$6 -> 0 | M14: =IF($C14=M$6,$B14,0)*(1+$B$3)^M$6 -> 0 | ... S14: =IF($C14=S$6,$B14,0)*(1+$B$3)^S$6 -> 0 | T14: =IF($C14=T$6,$B14,0)*(1+$B$3)^S$6 -> 29254960 | U14: =IF($C14=U$6,$B14,0)*(1+$B$3)^U$6 -> 0 | V14: =IF($C14=V$6,$B14,0)*(1+$B$3)^V$6 -> 0 | W14: =IF($C14=W$6,$B14,0)*(1+$B$3)^W$6 -> 0 | X14: =IF($C14=X$6,$B14,0)*(1+$B$3)^X$6 -> 0 | Y14: =IF($C14=Y$6,$B14,0)*(1+$B$3)^Y$6 -> 0 | Z14: =IF($C14=Z$6,$B14,0)*(1+$B$3)^Z$6 -> 0 | AA14: =IF($C14=AA$6,$B14,0)*(1+$B$3)^AA$6 -> 0 | AB14: =IF($C14=AB$6,$B14,0)*(1+$B$3)^AB$6 -> 0 | ... AL14: =IF($C14=AL$6,$B14,0)*(1+$B$3)^AL$6 -> 0
A15: 8 | B15: 18000000 | C15: 18 | F15: =IF($C15=F$6,$B15,0)*(1+$B$3)^F$6 -> 0 | G15: =IF($C15=G$6,$B15,0)*(1+$B$3)^G$6 -> 0 | H15: =IF($C15=H$6,$B15,0)*(1+$B$3)^H$6 -> 0 | I15: =IF($C15=I$6,$B15,0)*(1+$B$3)^I$6 -> 0 | J15: =IF($C15=J$6,$B15,0)*(1+$B$3)^J$6 -> 0 | K15: =IF($C15=K$6,$B15,0)*(1+$B$3)^K$6 -> 0 | L15: =IF($C15=L$6,$B15,0)*(1+$B$3)^L$6 -> 0 | M15: =IF($C15=M$6,$B15,0)*(1+$B$3)^M$6 -> 0 | ... V15: =IF($C15=V$6,$B15,0)*(1+$B$3)^V$6 -> 0 | W15: =IF($C15=W$6,$B15,0)*(1+$B$3)^V$6 -> 32463709 | X15: =IF($C15=X$6,$B15,0)*(1+$B$3)^X$6 -> 0 | Y15: =IF($C15=Y$6,$B15,0)*(1+$B$3)^Y$6 -> 0 | Z15: =IF($C15=Z$6,$B15,0)*(1+$B$3)^Z$6 -> 0 | AA15: =IF($C15=AA$6,$B15,0)*(1+$B$3)^AA$6 -> 0 | AB15: =IF($C15=AB$6,$B15,0)*(1+$B$3)^AB$6 -> 0 | AC15: =IF($C15=AC$6,$B15,0)*(1+$B$3)^AC$6 -> 0 | AD15: =IF($C15=AD$6,$B15,0)*(1+$B$3)^AD$6 -> 0 | AE15: =IF($C15=AE$6,$B15,0)*(1+$B$3)^AE$6 -> 0 | ... AL15: =IF($C15=AL$6,$B15,0)*(1+$B$3)^AL$6 -> 0
A16: 9 | B16: 18000000 | C16: 18 | F16: =IF($C16=F$6,$B16,0)*(1+$B$3)^F$6 -> 0 | G16: =IF($C16=G$6,$B16,0)*(1+$B$3)^G$6 -> 0 | H16: =IF($C16=H$6,$B16,0)*(1+$B$3)^H$6 -> 0 | I16: =IF($C16=I$6,$B16,0)*(1+$B$3)^I$6 -> 0 | J16: =IF($C16=J$6,$B16,0)*(1+$B$3)^J$6 -> 0 | K16: =IF($C16=K$6,$B16,0)*(1+$B$3)^K$6 -> 0 | L16: =IF($C16=L$6,$B16,0)*(1+$B$3)^L$6 -> 0 | M16: =IF($C16=M$6,$B16,0)*(1+$B$3)^M$6 -> 0 | ... V16: =IF($C16=V$6,$B16,0)*(1+$B$3)^V$6 -> 0 | W16: =IF($C16=W$6,$B16,0)*(1+$B$3)^V$6 -> 32463709 | X16: =IF($C16=X$6,$B16,0)*(1+$B$3)^X$6 -> 0 | Y16: =IF($C16=Y$6,$B16,0)*(1+$B$3)^Y$6 -> 0 | Z16: =IF($C16=Z$6,$B16,0)*(1+$B$3)^Z$6 -> 0 | AA16: =IF($C16=AA$6,$B16,0)*(1+$B$3)^AA$6 -> 0 | AB16: =IF($C16=AB$6,$B16,0)*(1+$B$3)^AB$6 -> 0 | AC16: =IF($C16=AC$6,$B16,0)*(1+$B$3)^AC$6 -> 0 | AD16: =IF($C16=AD$6,$B16,0)*(1+$B$3)^AD$6 -> 0 | AE16: =IF($C16=AE$6,$B16,0)*(1+$B$3)^AE$6 -> 0 | ... AL16: =IF($C16=AL$6,$B16,0)*(1+$B$3)^AL$6 -> 0
A17: 10 | B17: 18000000 | C17: 20 | F17: =IF($C17=F$6,$B17,0)*(1+$B$3)^F$6 -> 0 | G17: =IF($C17=G$6,$B17,0)*(1+$B$3)^G$6 -> 0 | H17: =IF($C17=H$6,$B17,0)*(1+$B$3)^H$6 -> 0 | I17: =IF($C17=I$6,$B17,0)*(1+$B$3)^I$6 -> 0 | J17: =IF($C17=J$6,$B17,0)*(1+$B$3)^J$6 -> 0 | K17: =IF($C17=K$6,$B17,0)*(1+$B$3)^K$6 -> 0 | L17: =IF($C17=L$6,$B17,0)*(1+$B$3)^L$6 -> 0 | M17: =IF($C17=M$6,$B17,0)*(1+$B$3)^M$6 -> 0 | ... X17: =IF($C17=X$6,$B17,0)*(1+$B$3)^X$6 -> 0 | Y17: =IF($C17=Y$6,$B17,0)*(1+$B$3)^X$6 -> 34796100 | Z17: =IF($C17=Z$6,$B17,0)*(1+$B$3)^Z$6 -> 0 | AA17: =IF($C17=AA$6,$B17,0)*(1+$B$3)^AA$6 -> 0 | AB17: =IF($C17=AB$6,$B17,0)*(1+$B$3)^AB$6 -> 0 | AC17: =IF($C17=AC$6,$B17,0)*(1+$B$3)^AC$6 -> 0 | AD17: =IF($C17=AD$6,$B17,0)*(1+$B$3)^AD$6 -> 0 | AE17: =IF($C17=AE$6,$B17,0)*(1+$B$3)^AE$6 -> 0 | AF17: =IF($C17=AF$6,$B17,0)*(1+$B$3)^AF$6 -> 0 | AG17: =IF($C17=AG$6,$B17,0)*(1+$B$3)^AG$6 -> 0 | ... AL17: =IF($C17=AL$6,$B17,0)*(1+$B$3)^AL$6 -> 0
A18: Future value of capital projects | C18: =SUM(E18:AL18) -> 2.6948889e+08 | F18: =SUM(F8:F17) -> 0 | G18: =SUM(G8:G17) -> 0 | H18: =SUM(H8:H17) -> 0 | I18: =SUM(I8:I17) -> 19974281 | J18: =SUM(J8:J17) -> 20679373 | K18: =SUM(K8:K17) -> 21409355 | L18: =SUM(L8:L17) -> 0 | M18: =SUM(M8:M17) -> 0 | ... AL18: =SUM(AL8:AL17) -> 0
A19: Dicounted Amount | C19: =SUM(F19:AL19) -> 1.5926957e+08 | F19: =(SUM(F8:F17))/((1+$B$4)^F6) -> 0 | G19: =(SUM(G8:G17))/((1+$B$4)^G6) -> 0 | H19: =(SUM(H8:H17))/((1+$B$4)^H6) -> 0 | I19: =(SUM(I8:I17))/((1+$B$4)^I6) -> 16884977 | J19: =(SUM(J8:J17))/((1+$B$4)^J6) -> 16761930 | K19: =(SUM(K8:K17))/((1+$B$4)^K6) -> 16639780 | L19: =(SUM(L8:L17))/((1+$B$4)^L6) -> 0 | M19: =(SUM(M8:M17))/((1+$B$4)^M6) -> 0 | ... AL19: =(SUM(AL8:AL17))/((1+$B$4)^AL6) -> 0
C20: =SUM(G20:AL20) -> 10202.8 | F20: 361 | G20: 290 | H20: 309 | I20: 327 | J20: 321 | K20: 321 | L20: 321.5 | M20: 321.5 | N20: 321.5 | O20: 321.5 | P20: 321.5 | Q20: 321.5 | R20: 321.5 | S20: 321.5 | T20: 321.5 | U20: 321.5 | V20: 321.5 | W20: 321.5 | X20: 321.5 | Y20: 321.5 | Z20: 321.5 | AA20: 321.5 | AB20: 321.5 | AC20: 321.5 | AD20: 321.5 | AE20: 321.5 | AF20: 321.5 | AG20: 321.5 | AH20: 321.5 | AI20: 321.5 | AJ20: 321.5 | AK20: 321.5 | AL20: =321.5-45.7 -> 275.8
C21: =C19/C20 -> 15610.378 | D21: Contribution | E21: =SUM(I21:AO21) -> 3.813991e+08 | I21: =($C$25*F20)*(1+$B$4)^0 -> 6173732.9 | J21: =($C$25*G20)*(1+$B$4)^F6 -> 5172271.3 | K21: =($C$25*H20)*(1+$B$4)^G6 -> 5747572.3 | L21: =($C$25*I20)*(1+$B$4)^H6 -> 6343316.6 | M21: =($C$25*J20)*(1+$B$4)^I6 -> 6494060.6 | N21: =($C$25*K20)*(1+$B$4)^J6 -> 6772655.8 | O21: =($C$25*L20)*(1+$B$4)^K6 -> 7074204.6 | P21: =($C$25*M20)*(1+$B$4)^L6 -> 7377687.9 | Q21: =($C$25*N20)*(1+$B$4)^M6 -> 7694190.7 | ... AO21: =($C$25*AL20)*(1+$B$4)^AK6 -> 18088404
D22: Income | E22: =SUM(I22:AO22) -> -1.1191021e+08 | I22: =(D25+I21)*$B$4 -> 264853.14 | J22: =(I25+J21)*$B$4 -> -358790.86 | K22: =(J25+K21)*$B$4 -> -1014757.2 | L22: =(K25+L21)*$B$4 -> -1704623.3 | M22: =(L25+M21)*$B$4 -> -1499156.5 | N22: =(M25+N21)*$B$4 -> -1272923.4 | O22: =(N25+O21)*$B$4 -> -1024048.4 | P22: =(O25+P21)*$B$4 -> -2861833.2 | Q22: =(P25+Q21)*$B$4 -> -2654525.1 | ... AO22: =(AN25+AO21)*$B$4 -> -5.4337084e-09
B25: RATE | C25: 17101.753 | I25: =+H25+I21+I22-I18 -> -13535695 | J25: =+I25+J21+J22-J18 -> -29401587 | K25: =+J25+K21+K22-K18 -> -46078126 | L25: =+K25+L21+L22-L18 -> -41439433 | M25: =+L25+M21+M22-M18 -> -36444529 | N25: =+M25+N21+N22-N18 -> -30944797 | O25: =+N25+O21+O22-O18 -> -74087088 | P25: =+O25+P21+P22-P18 -> -69571233 | ... AO25: =+AN25+AO21+AO22-AO18 -> -1.3209358e-07
